 Dungeon Crawl Stone Soup version 0.21.1-1-g345015f (webtiles) character file.

32611 manyhoops the Thaumaturge (level 13, -1/135 HPs)
             Began as a Gnoll Wanderer on Mar 28, 2018.
             Was a High Priest of Hepliaklqana.
             Slain by a polar bear (5 damage)
             ... on level 5 of the Lair of Beasts.
             The game lasted 00:30:47 (16237 turns).

manyhoops the Thaumaturge (Gnoll Wanderer)         Turns: 16237, Time: 00:30:49

Health: -1/135     AC: 26    Str: 18    XL:     13   Next: 65%
Magic:  26/26      EV:  2    Int: 19    God:    Hepliaklqana [*****.]
Gold:   1049       SH:  9    Dex: 16    Spells: 16/31 levels left

rFire    . . .     SeeInvis .   x - +3 long sword (drain)
rCold    . . .     Gourm    .   i - +2 buckler
rNeg     + + +     Faith    .   (armour currently unavailable)
rPois    +         Spirit   .   (helmet currently unavailable)
rElec    .         Reflect  .   (cloak currently unavailable)
rCorr    .         Harm     .   (gloves currently unavailable)
MR       .....     NoTele   +   (boots currently unavailable)
Stlth    ++++......             J - amulet of magic regeneration
HPRegen  0.32/turn              s - +5 ring of evasion
MPRegen  0.45/turn              k - ring of poison resistance

@: tree-form
A: distributed training, reduced essence, clever 2, strong nose
a: Recall Ancestor, Ancestor Identity, Transference, Idealise, Renounce Religion


You were on level 5 of the Lair of Beasts.
You worshipped Hepliaklqana.
Hepliaklqana was extremely pleased with you.
You were not hungry.
You were a tree.
You visited 2 branches of the dungeon, and saw 15 of its levels.
You also visited: Labyrinth and Volcano.

You collected 1049 gold pieces.

Inventory:

Hand Weapons
 x - a +3 long sword of draining (weapon)
 H - a +0 hand axe of flaming
Missiles
 h - a throwing net (quivered)
Armour
 g - +0 fire dragon scales
 i - a +2 buckler (worn)
 u - a +2 chain mail of magic resistance (melded)
 D - a +2 cloak of fire resistance (melded)
 G - a +2 hat of see invisible (melded)
 P - +0 ice dragon scales
Jewellery
 k - a ring of poison resistance (right branch)
 s - a +5 ring of evasion (left branch)
 z - the ring "Durobia" {Int+2 SInv}
   (You found it in a labyrinth)

   [ring of see invisible]

   It affects your intelligence (+2).
   It lets you see invisible.
 F - an uncursed ring of resist corrosion
 J - an amulet of magic regeneration (around neck)
 L - an uncursed ring of wizardry {unknown}
 M - an uncursed ring of flight
Wands
 c - a wand of flame (57)
 w - a wand of digging (49)
 C - a wand of polymorph (26)
 K - a wand of disintegration (4)
Scrolls
 j - a scroll of teleportation
 o - 2 scrolls of immolation
 r - a scroll of amnesia
 t - 3 scrolls of enchant armour
 y - 3 scrolls of enchant weapon
 E - 2 scrolls of remove curse
 Q - a scroll of brand weapon {unknown}
Potions
 d - a potion of ambrosia
 e - a potion of invisibility {unknown}
 m - a potion of agility {unknown}
 n - 4 potions of brilliance
 p - 2 potions of curing
 q - 2 potions of flight
 v - 2 potions of might
 A - a potion of resistance
 B - a potion of lignification
Books
 a - a book of Battle

   Spells                             Type                      Level
   a - Infusion                       Charms                       1
   b - Shroud of Golubria             Charms/Translocation         2
   c - Song of Slaying                Charms                       2
   d - Spectral Weapon                Hexes/Charms                 3
   e - Regeneration                   Charms/Necromancy            3
 b - the Volume of Weightlessness

   Spells                             Type                      Level
   a - Swiftness                      Charms/Air                   2
   b - Poisonous Vapours              Poison/Air                   2
 N - a book of Debilitation

   Spells                             Type                      Level
   a - Corona                         Hexes                        1
   b - Slow                           Hexes                        2
   c - Inner Flame                    Hexes/Fire                   3
   d - Portal Projectile              Hexes/Translocation          3
   e - Cause Fear                     Hexes                        4
   f - Leda's Liquefaction            Hexes/Earth                  4
 O - the Incunabulum of Helpful Flames
   (You found it in a labyrinth)

   Spells                             Type                      Level
   a - Ignite Poison                  Fire/Transmutation/Poison    3
   b - Spectral Weapon                Hexes/Charms                 3
   c - Bolt of Fire                   Conjuration/Fire             6
Miscellaneous
 I - 2 boxes of beasts
Comestibles
 f - 23 rations


   Skills:
 + Level 8.8 Fighting
 + Level 8.3 Short Blades
 + Level 9.5 Long Blades
 + Level 8.3 Axes
 + Level 8.3 Maces & Flails
 + Level 8.3 Polearms
 + Level 8.3 Staves
 + Level 8.3 Slings
 + Level 8.3 Bows
 + Level 8.3 Crossbows
 + Level 8.3 Throwing
 + Level 8.3 Armour
 + Level 8.3 Dodging
 + Level 8.3 Stealth
 + Level 9.5 Shields
 + Level 8.3 Unarmed Combat
 + Level 9.7 Spellcasting
 + Level 8.0 Conjurations
 + Level 6.9 Hexes
 + Level 7.3 Charms
 + Level 6.9 Summonings
 + Level 6.9 Necromancy
 + Level 6.9 Translocations
 + Level 6.9 Transmutations
 + Level 6.9 Fire Magic
 + Level 6.9 Ice Magic
 + Level 6.9 Air Magic
 + Level 6.9 Earth Magic
 + Level 6.9 Poison Magic
 + Level 9.1 Invocations
 + Level 8.3 Evocations


You had 16 spell levels left.
You knew the following spells:

 Your Spells              Type           Power        Failure   Level  Hunger
a - Infusion              Chrm           ####         1%          1    None
b - Song of Slaying       Chrm           #####...     1%          2    None
c - Shroud of Golubria    Chrm/Tloc      #####.....   1%          2    None
d - Regeneration          Chrm/Necr      #####.....   1%          3    None
e - Poisonous Vapours     Pois/Air       #####.       1%          2    None
f - Swiftness             Chrm/Air       #####...     1%          2    None
g - Spectral Weapon       Hex/Chrm       #####...     1%          3    None


Dungeon Overview and Level Annotations

Branches:
Dungeon (10/15)            Temple (0/1) D:5            Lair (5/6) D:8
 Shoals (0/4) Lair:3        Snake (0/4) Lair:2          Orc (0/2) D:9
  Slime: Lair:5-6

Altars:
Ashenzari
Cheibriados
Dithmenos
Fedhas
Gozag
Hepliaklqana
Makhleb
Nemelex Xobeh
Xom
Zin
The Shining One
Beogh

Shops:
D:7 %


Innate Abilities, Weirdness & Mutations

Your experience applies equally to all skills.
((You have very sharp teeth.))
Your uncanny sense of smell can sniff out nearby items.
Your life essence is reduced to manifest your ancestor. (-10% HP)
Your mind is very acute. (Int +4)


Message History

You block the polar bear's attack.
The polar bear claws you but does no damage.
The komodo dragon bites you but does no damage.
You block the slime creature's attack. You block the polar bear's attack.
The polar bear claws you but does no damage. x2
You closely miss the polar bear.
The polar bear is almost dead.
The polar bear bites you!
* * * LOW HITPOINT WARNING * * *
The polar bear claws you but does no damage. x2
The komodo dragon bites you but does no damage.
The slime creature hits you but does no damage.
Okay, then.
As you read the scroll of fear, it crumbles to dust.
You assume a fearsome visage.
The slime creature looks frightened!
The komodo dragon looks frightened!
The polar bear bites you.
* * * LOW HITPOINT WARNING * * *
The polar bear claws you but does no damage.
The polar bear claws you.
You die...

............... .
... .......... ..
#..#..........
..P#.#.#...#!....
...........#..[.#
..#.........#..#
...............##
......#hl<.......
..P....♣J...#P...
...P..##.........
.PP... #....#..#
.P... #.....#.#
....P ....P...#
.^.. ......... .
..........
.......


You could see a slime creature (fleeing), a polar bear (berserk) and a komodo
dragon (fleeing).

Vanquished Creatures
  Gastronok (Lair:1)
  A red draconian (Volcano)
  A minotaur (Lab)
  An ice dragon (Lair:4)
  2 hydras
  A two-headed ogre (D:4)
  The ghost of Setanta the Blocker, a novice GnFi of Wu Jian (D:8)
  A salamander mystic (Volcano)
  An unseen horror (D:10)
  Pikel (D:4)
  3 salamanders (Volcano)
  4 elephants (Lair:4)
  2 black mambas
  6 spiny frogs
  2 komodo dragons
  2 rime drakes
  Grinder (D:5)
  A blink frog (Lair:3)
  2 hippogriffs
  A snapping turtle (Lair:3)
  3 wyverns
  A redback (Lab)
  10 yaks
  Grum (Lair:1)
  2 hogs (D:7)
  A fire bat (Volcano)
  A basilisk (Lair:1)
  A human (D:7)
  A hungry ghost (D:10)
  A steam dragon (D:8)
  Menkaure (D:5)
  4 water moccasins
  2 nagas (Lair:2)
  2 hell hounds (Lair:2)
  A porcupine (Lair:3)
  3 orc warriors
  A slave (D:4)
  An ice beast (D:7)
  A phantom (D:6)
  3 ogres
  A centaur (D:6)
  5 crocodiles
  A big kobold (D:8)
  6 bullfrogs
  A scorpion (D:8)
  13 killer bees
  An electric eel (Lair:3)
  A spriggan skeleton (Lab)
  2 lava snakes (Volcano)
  2 crimson imps
  4 orc priests
  2 centaur skeletons
  A bullfrog zombie (D:8)
  7 orc wizards
  A quasit (D:10)
  A bullfrog skeleton (D:8)
  4 hounds
  An iguana (D:5)
  Ijyb (D:4)
  7 worker ants
  Terence (D:2)
  A killer bee zombie (D:9)
  A hound skeleton (D:7)
  A howler monkey zombie (D:6)
  A worker ant zombie (D:6)
  17 adders
  2 shadow imps (D:6)
  A white imp (Lair:4)
  An ooze (D:6)
  2 adder skeletons
  5 worms
  A dart slug (D:5)
  8 leopard geckos
  40 orcs
  7 bats
  5 giant cockroaches
  7 goblins
  6 hobgoblins
  9 jackals
  12 kobolds
  5 quokkas
  6 frilled lizards
  10 rats
  A fungus (Lair:4)
288 creatures vanquished.

Vanquished Creatures (collateral kills)
  An elephant (Lair:4)
  A wolf spider (Lair:1)
  A black mamba (Lair:3)
  2 molten gargoyles (Volcano)
  A spiny frog (Lair:1)
  A rime drake (Lair:2)
  2 komodo dragons (Lair:1)
  A meliai (Lair:4)
  3 blink frogs (Lair:3)
  A hippogriff (Lair:3)
  A fire bat (Volcano)
  2 wyverns
  A hog (D:7)
  13 yaks
  2 basilisks
  3 water moccasins
  2 porcupines (Lair:1)
  2 orc warriors
  An ice beast (D:7)
  2 slaves (D:4)
  2 ogres
  A phantom (D:9)
  3 wolves (Lair:1)
  3 centaurs
  3 crocodiles
  Blork the orc (D:6)
  5 bullfrogs
  A big kobold (D:8)
  2 scorpions
  4 killer bees (Lair:4)
  An electric eel (Lair:3)
  A howler monkey (D:5)
  3 crimson imps
  6 lava snakes (Volcano)
  6 orc priests
  A hound (D:9)
  A bullfrog skeleton (D:10)
  An iguana (D:8)
  6 orc wizards
  5 adders (Lair:1)
  2 white imps (Lair:4)
  An ooze (D:4)
  An adder zombie (D:9)
  An adder skeleton (D:5)
  A worm (D:6)
  A dart slug (D:3)
  14 orcs
  A giant cockroach (D:4)
  A goblin (D:3)
  2 jackals (D:7)
  2 frilled lizards (D:4)
  A kobold (D:8)
  A quokka skeleton (D:5)
  A plant (Lair:1)
129 creatures vanquished.

Vanquished Creatures (others)
  A salamander (Volcano)
  6 battlemagi
  2 ancestors
  5 fungi (Lair:1)
  7 plants
21 creatures vanquished.

Grand Total: 438 creatures vanquished

Notes
Turn   | Place    | Note
-------+----------+-------------------------------------------
     0 | D:1      | manyhoops the Gnoll Wanderer began the quest for the Orb.
     0 | D:1      | manyhoops set off with: a book of Battle, the Volume of Weightlessness, a +0 falchion, a +0 robe, a ration
     0 | D:1      | Reached XP level 1. HP: 17/17 MP: 6/6
     0 | D:1      | Identified the Volume of Weightlessness
     2 | D:1      | Learned a level 1 spell: Infusion
     4 | D:1      | Noticed a demigod
     4 | D:1      | Noticed a human
     6 | D:1      | Noticed a dwarf
     6 | D:1      | Noticed a draconian
     8 | D:1      | Noticed a gargoyle
     8 | D:1      | Noticed a spriggan
    10 | D:1      | Noticed a centaur
    10 | D:1      | Noticed an elf
    12 | D:1      | Noticed a vine stalker
    12 | D:1      | Noticed a troll
    14 | D:1      | Noticed an octopode
    16 | D:1      | Noticed a halfling
    16 | D:1      | Noticed a felid
    18 | D:1      | Noticed an ogre
    20 | D:1      | Noticed a demonspawn
    20 | D:1      | Noticed a naga
    22 | D:1      | Noticed a ghoul
    22 | D:1      | Noticed a vampire
    24 | D:1      | Noticed a minotaur
    24 | D:1      | Noticed a merfolk
    26 | D:1      | Noticed a tengu
    26 | D:1      | Noticed a formicid
   209 | D:1      | Reached XP level 2. HP: 15/23 MP: 2/7
   755 | D:1      | Learned a level 2 spell: Song of Slaying
   822 | D:1      | Reached XP level 3. HP: 10/28 MP: 3/9
   827 | D:1      | Reached skill level 5 in Spellcasting
  1376 | D:2      | Found a shadowy altar of Dithmenos.
  1428 | D:2      | Reached skill level 1 in Invocations
  1508 | D:2      | Reached skill level 1 in Short Blades
  1508 | D:2      | Reached skill level 1 in Axes
  1508 | D:2      | Reached skill level 1 in Maces & Flails
  1508 | D:2      | Reached skill level 1 in Polearms
  1508 | D:2      | Reached skill level 1 in Staves
  1508 | D:2      | Reached skill level 1 in Slings
  1508 | D:2      | Reached skill level 1 in Bows
  1508 | D:2      | Reached skill level 1 in Crossbows
  1508 | D:2      | Reached skill level 1 in Throwing
  1508 | D:2      | Reached skill level 1 in Armour
  1508 | D:2      | Reached skill level 1 in Dodging
  1508 | D:2      | Reached skill level 1 in Stealth
  1508 | D:2      | Reached skill level 1 in Unarmed Combat
  1508 | D:2      | Reached skill level 1 in Evocations
  1531 | D:2      | Reached XP level 4. HP: 26/34 MP: 11/11
  1725 | D:2      | Noticed Terence
  1757 | D:2      | Killed Terence
  1757 | D:2      | Reached skill level 1 in Hexes
  1757 | D:2      | Reached skill level 1 in Summonings
  1757 | D:2      | Reached skill level 1 in Necromancy
  1757 | D:2      | Reached skill level 1 in Translocations
  1757 | D:2      | Reached skill level 1 in Transmutations
  1757 | D:2      | Reached skill level 1 in Fire Magic
  1757 | D:2      | Reached skill level 1 in Ice Magic
  1757 | D:2      | Reached skill level 1 in Air Magic
  1757 | D:2      | Reached skill level 1 in Earth Magic
  1757 | D:2      | Reached skill level 1 in Poison Magic
  1762 | D:2      | Reached XP level 5. HP: 23/40 MP: 3/12
  1879 | D:2      | Found a hazy altar of Hepliaklqana.
  2037 | D:2      | Became a worshipper of Hepliaklqana the Forgotten
  2575 | D:3      | Found a snail-covered altar of Cheibriados.
  2624 | D:3      | Reached * piety under Hepliaklqana
  2703 | D:3      | Found a glowing golden altar of the Shining One.
  2991 | D:4      | Noticed Ijyb
  2998 | D:4      | Reached XP level 6. HP: 39/42 MP: 9/13
  3008 | D:4      | Killed Ijyb
  3018 | D:4      | Noticed a two-headed ogre
  3261 | D:3      | Gained mutation: You passively map a small area around you. [potion of mutation]
  3261 | D:3      | Gained mutation: Your body sometimes deteriorates upon taking damage. [potion of mutation]
  3261 | D:3      | Gained mutation: You evolve. [potion of mutation]
  3263 | D:3      | Lost mutation: Your body sometimes deteriorates upon taking damage. [potion of mutation]
  3263 | D:3      | Lost mutation: You evolve. [potion of mutation]
  3263 | D:3      | Lost mutation: You passively map a small area around you. [potion of mutation]
  3263 | D:3      | Gained mutation: Your mind is acute. (Int +2) [potion of mutation]
  3263 | D:3      | Gained mutation: Your mind is very acute. (Int +4) [potion of mutation]
  3307 | D:3      | Learned a level 2 spell: Shroud of Golubria
  3310 | D:3      | Learned a level 2 spell: Swiftness
  3313 | D:3      | Learned a level 2 spell: Poisonous Vapours
  3317 | D:3      | Learned a level 3 spell: Regeneration
  3433 | D:4      | Reached skill level 5 in Long Blades
  3433 | D:4      | Reached skill level 5 in Shields
  3519 | D:4      | Noticed a slave
  3521 | D:4      | Noticed a slave
  3599 | D:4      | Noticed a slave
  3607 | D:4      | Killed a slave
  3612 | D:4      | Killed a slave
  3613 | D:4      | Noticed Pikel
  3621 | D:4      | Killed a slave
  3633 | D:4      | Killed Pikel
  3633 | D:4      | Reached XP level 7. HP: 31/47 MP: 15/15
  3786 | D:4      | Reached XP level 8. HP: 52/54 MP: 16/16
  4151 | D:4      | Killed a two-headed ogre
  4185 | D:5      | Entered Level 5 of the Dungeon
  4276 | D:5      | Reached XP level 9. HP: 55/59 MP: 18/18
  4293 | D:5      | Reached skill level 5 in Conjurations
  4300 | D:5      | Found a staircase to the Ecumenical Temple.
  4535 | D:5      | Noticed Grinder
  4546 | D:5      | Killed Grinder
  4559 | D:5      | Noticed Menkaure
  4567 | D:5      | Killed Menkaure
  4763 | D:5      | Found a burning altar of Makhleb.
  5023 | D:6      | Reached ** piety under Hepliaklqana
  5176 | D:6      | Reached skill level 5 in Fighting
  5258 | D:6      | Noticed Blork the orc
  5274 | D:6      | Killed Blork the orc
  5452 | D:6      | Reached skill level 5 in Invocations
  5612 | D:6      | Reached XP level 10. HP: 62/66 MP: 20/20
  5714 | D:6      | Remembered your ancestor Servia as a battlemage
  5831 | D:7      | Found a sparkling altar of Nemelex Xobeh.
  6053 | D:7      | Found Hyexisen's Food Shop.
  6209 | D:7      | Found an opulent altar of Gozag.
  6251 | D:7      | You fall through a shaft for 3 floors!
  6251 | D:10     | Entered Level 10 of the Dungeon
  6255 | D:10     | Reached *** piety under Hepliaklqana
  6284 | D:10     | Killed an unseen horror
  6284 | D:10     | Reached skill level 5 in Short Blades
  6284 | D:10     | Reached skill level 5 in Axes
  6284 | D:10     | Reached skill level 5 in Maces & Flails
  6284 | D:10     | Reached skill level 5 in Polearms
  6284 | D:10     | Reached skill level 5 in Staves
  6284 | D:10     | Reached skill level 5 in Slings
  6284 | D:10     | Reached skill level 5 in Bows
  6284 | D:10     | Reached skill level 5 in Crossbows
  6284 | D:10     | Reached skill level 5 in Throwing
  6284 | D:10     | Reached skill level 5 in Armour
  6284 | D:10     | Reached skill level 5 in Dodging
  6284 | D:10     | Reached skill level 5 in Stealth
  6284 | D:10     | Reached skill level 5 in Unarmed Combat
  6284 | D:10     | Reached skill level 5 in Evocations
  6472 | D:9      | Found a blossoming altar of Fedhas.
  6475 | D:9      | Found a shattered altar of Ashenzari.
  6538 | D:9      | Found a staircase to the Orcish Mines.
  6747 | D:9      | Found a roughly hewn altar of Beogh.
  7111 | D:7      | Reached skill level 5 in Charms
  8098 | D:8      | Reached XP level 11. HP: 73/73 MP: 22/22
  8177 | D:8      | Reached **** piety under Hepliaklqana
  8472 | D:8      | Noticed Setanta's ghost (novice GnFi)
  8513 | D:8      | Killed Setanta's ghost
  8513 | D:8      | Reached skill level 5 in Hexes
  8513 | D:8      | Reached skill level 5 in Summonings
  8513 | D:8      | Reached skill level 5 in Necromancy
  8513 | D:8      | Reached skill level 5 in Translocations
  8513 | D:8      | Reached skill level 5 in Transmutations
  8513 | D:8      | Reached skill level 5 in Fire Magic
  8513 | D:8      | Reached skill level 5 in Ice Magic
  8513 | D:8      | Reached skill level 5 in Air Magic
  8513 | D:8      | Reached skill level 5 in Earth Magic
  8513 | D:8      | Reached skill level 5 in Poison Magic
  8540 | D:8      | Found a staircase to the Lair.
  8734 | D:9      | Found a shimmering altar of Xom.
  8817 | D:9      | Found a glowing silver altar of Zin.
  9626 | D:4      | Learned a level 3 spell: Spectral Weapon
  9770 | Lair:1   | Entered Level 1 of the Lair of Beasts
 10208 | Lair:1   | Noticed a wolf spider
 10220 | Lair:1   | Killed a wolf spider
 10252 | Lair:1   | Reached XP level 12. HP: 54/81 MP: 24/24
 10380 | Lair:1   | Noticed Grum
 10394 | Lair:1   | Killed Grum
 10519 | Lair:1   | Noticed a four-headed hydra
 10526 | Lair:1   | Killed a one-headed hydra
 10785 | Lair:1   | Reached ***** piety under Hepliaklqana
 10890 | Lair:1   | Noticed Gastronok
 10900 | Lair:1   | Killed Gastronok
 11547 | Lair:2   | Found a staircase to the Snake Pit.
 11808 | Lair:2   | Found a dark tunnel.
 11822 | Volcano  | Entered a volcano
 12421 | Volcano  | Found a bloodstained altar of Trog.
 12427 | Volcano  | Reached XP level 13. HP: 39/88 MP: 26/26
 12429 | Volcano  | Noticed a red draconian
 12433 | Volcano  | HP: 3/88 [red draconian/searing blast (16)]
 12438 | Volcano  | Killed a red draconian
 13353 | Lair:3   | Found a labyrinth entrance.
 13367 | Lab      | Entered a labyrinth
 13823 | Lab      | Got a transparent pewter ring
 13826 | Lab      | Identified the ring "Durobia" {Int+2 SInv} (You found it in a labyrinth)
 13863 | Lab      | Noticed a minotaur
 13876 | Lab      | Killed a minotaur
 13887 | Lab      | Identified the Incunabulum of Helpful Flames
 14713 | Lair:3   | Found a staircase to the Shoals.
 14937 | Lair:4   | Noticed an ice dragon
 14958 | Lair:4   | Killed an ice dragon
 16237 | Lair:5   | HP: 4/135 [polar bear (4)]
 16237 | Lair:5   | Slain by a polar bear

Skill      XL: |  1  2  3  4  5  6  7  8  9 10 11 12 13 |
---------------+----------------------------------------+-----
Charms         | 2 3 4 5 6 7 |  7.3
Spellcasting   | 5 6 7 8 9 |  9.7
Invocations    | 1 2 3 4 5 6 7 8 9 |  9.1
Short Blades   | 1 2 3 4 5 6 7 8 |  8.3
Axes           | 1 2 3 4 5 6 7 8 |  8.3
Maces & Flails | 1 2 3 4 5 6 7 8 |  8.3
Polearms       | 1 2 3 4 5 6 7 8 |  8.3
Staves         | 1 2 3 4 5 6 7 8 |  8.3
Slings         | 1 2 3 4 5 6 7 8 |  8.3
Bows           | 1 2 3 4 5 6 7 8 |  8.3
Crossbows      | 1 2 3 4 5 6 7 8 |  8.3
Throwing       | 1 2 3 4 5 6 7 8 |  8.3
Armour         | 1 2 3 4 5 6 7 8 |  8.3
Dodging        | 1 2 3 4 5 6 7 8 |  8.3
Stealth        | 1 2 3 4 5 6 7 8 |  8.3
Unarmed Combat | 1 2 3 4 5 6 7 8 |  8.3
Evocations     | 1 2 3 4 5 6 7 8 |  8.3
Hexes          | 1 2 3 4 5 6 |  6.9
Summonings     | 1 2 3 4 5 6 |  6.9
Necromancy     | 1 2 3 4 5 6 |  6.9
Translocations | 1 2 3 4 5 6 |  6.9
Transmutations | 1 2 3 4 5 6 |  6.9
Fire Magic     | 1 2 3 4 5 6 |  6.9
Ice Magic      | 1 2 3 4 5 6 |  6.9
Air Magic      | 1 2 3 4 5 6 |  6.9
Earth Magic    | 1 2 3 4 5 6 |  6.9
Poison Magic   | 1 2 3 4 5 6 |  6.9
Fighting       | 3 4 5 6 7 8 |  8.8
Conjurations   | 4 5 6 7 8 |  8.0
Long Blades    | 5 6 7 8 9 |  9.5
Shields        | 5 6 7 8 9 |  9.5

Action                   |  1- 3 |  4- 6 |  7- 9 | 10-12 | 13-15 || total
-------------------------+-------+-------+-------+-------+-------++-------
Melee: Falchion          |   115 |   281 |   131 |       |       ||   527
       Bite              |    17 |    44 |    29 |    76 |    34 ||   200
       Long sword        |       |       |    78 |   532 |   156 ||   766
       Hand axe          |       |       |       |     5 |     9 ||    14
 Cast: Infusion          |     5 |     1 |       |     5 |     3 ||    14
       Song of Slaying   |     2 |     1 |       |     4 |     1 ||     8
       Regeneration      |       |       |       |     2 |     3 ||     5
       Poisonous Vapours |       |       |       |     1 |       ||     1
       Shroud of Golubri |       |       |       |       |     1 ||     1
       Spectral Weapon   |       |       |       |       |     1 ||     1
Invok: Recall Ancestor   |       |       |     1 |     3 |     2 ||     6
       Ancestor Life: Ba |       |       |       |     1 |       ||     1
Evoke: Wand              |       |     1 |    12 |     3 |     9 ||    25
  Use: Scroll            |     2 |     2 |     2 |     9 |     9 ||    24
       Potion            |       |     7 |       |     9 |     5 ||    21
 Stab: Distracted        |     1 |     1 |     1 |     7 |     1 ||    11
  Eat: Chunk             |     2 |     7 |     7 |    15 |     2 ||    33
       Ration            |       |       |       |     3 |     3 ||     6
Armor: Robe              |    14 |       |       |       |       ||    14
       Ring mail         |    17 |     7 |       |       |       ||    24
       Chain mail        |       |    89 |    47 |   153 |    79 ||   368
       Skin              |       |       |       |       |    20 ||    20
Dodge: Dodged            |    84 |   174 |    87 |   356 |   139 ||   840
Block: Buckler           |    55 |   107 |    58 |   271 |    83 ||   574
       Rpst.: Falchion   |    20 |    65 |    15 |       |       ||   100
       Long sword        |       |       |    19 |    98 |    30 ||   147
